 Dungeon Crawl Stone Soup version 0.18.1-8-gdd0e5ea (webtiles) character file.

6345 Jerry the Fighter (level 11, -2/92 HPs)
             Began as a Formicid Fighter on May 27, 2016.
             Was a Follower of Ashenzari.
             Slain by an ogre
             ... wielding a +0 giant club
              (12 damage)
             ... on level 10 of the Dungeon.
             The game lasted 00:34:01 (10228 turns).

Jerry the Fighter (Formicid Fighter)               Turns: 10228, Time: 00:34:01

Health: -2/92      AC: 19    Str: 26    XL:     11   Next: 16%
Magic:  11/11      EV: 10    Int:  7    God:    Ashenzari [*.....]
Gold:   519        SH:  2    Dex:  8    Spells: 0 memorised, 10 levels left

rFire  + + +     SeeInvis +     z - +3 mace (protect) (curse)
rCold  . . .     Gourm    .     F - +1 ring mail "Difeaf" {rF+++ rN++ rCorr Dex-4}
rNeg   + + +     Faith    .     (no shield)
rPois  +         Spirit   .     (helmet unavailable)
rElec  .         Dismiss  .     l - +1 cloak
rCorr  +         Reflect  .     D - +0 pair of gloves
SustAt .         Harm     .     (no boots)
MR     +....                    (no amulet)
Stlth  ..........               p - ring of positive energy
                                n - +3 ring of strength

@: somewhat resistant to hostile enchantments, extremely unstealthy
A: permanent stasis, dig shafts and tunnels, four strong arms, antennae 3, large
bone plates 1, mutation resistance 1, poison resistance
a: Dig, Shaft Self, Curse Item, Scrying, Renounce Religion


You were on level 10 of the Dungeon.
You worshipped Ashenzari.
Ashenzari was aware of your devotion.
You were not hungry.

You visited 2 branches of the dungeon, and saw 11 of its levels.
You also visited: Sewer.

You collected 519 gold pieces.

Inventory:

Hand Weapons
 a - a +0 war axe
 i - a +0 whip of freezing
 z - a cursed +3 mace of protection (weapon)
Armour
 c - a +0 shield
 l - a +1 cloak (worn)
 D - a +0 pair of gloves (worn)
 F - the +1 ring mail "Difeaf" (worn) {rF+++ rN++ rCorr Dex-4}
   (You found it on level 5 of the Dungeon)

   It affects your dexterity (-4).
   It renders you almost immune to fire.
   It greatly protects you from negative energy.
   It protects you from acid and corrosion.
Rods
 k - a +0 rod of clouds (13/13)
   (You found it on level 7 of the Dungeon)
Jewellery
 n - a +3 ring of strength (left hand)
 o - an uncursed ring of protection from fire
 p - a ring of positive energy (right hand)
Wands
 y - a wand of random effects (16/48)
Scrolls
 d - a scroll of blinking {unknown}
 e - 3 scrolls of enchant armour
 j - 3 scrolls of amnesia
 q - 5 scrolls of enchant weapon
 r - a scroll of noise
 t - a scroll of fear
 v - 3 scrolls of teleportation
 x - a scroll of magic mapping
 B - a scroll of immolation
 C - a scroll of fog
 E - 4 scrolls of identify
 I - 3 scrolls of torment {unknown}
Potions
 g - a potion of brilliance
 h - 5 potions of curing
 s - 3 potions of heal wounds
 G - a potion of flight
 H - a potion of degeneration {unknown}
Books
 b - a book of Ice

   Spells                             Type                      Level
   a - Ice Form                       Ice/Transmutation            4
   b - Metabolic Englaciation         Hexes/Ice                    5
   c - Ozocubu's Refrigeration        Ice                          6
   d - Bolt of Cold                   Conjuration/Ice              6
   e - Freezing Cloud                 Conjuration/Ice/Air          6
   f - Simulacrum                     Ice/Necromancy               6
Comestibles
 f - 12 bread rations
 m - 7 beef jerkies
 u - 4 meat rations
 w - 5 chunks of flesh


   Skills:
 + Level 10.9 Fighting
 + Level 9.5 Axes
 + Level 10.6 Armour
 - Level 3.6 Shields


You had 10 spell levels left.
You didn't know any spells.

Dungeon Overview and Level Annotations

Branches:
Dungeon (10/15)            Temple (1/1) D:5
   Lair: D:8-11         Orc: D:9-12

Altars:
Ashenzari
Cheibriados
Dithmenos
Elyvilon
Fedhas
Gozag
Kikubaaqudgha
Makhleb
Nemelex Xobeh
Okawaru
Pakellas
Qazlal
Ru
Sif Muna
Trog
Vehumet
Xom
Yredelemnul
Zin
The Shining One

Shops:
D:6 %   D:7 }


Innate Abilities, Weirdness & Mutations

You are under a permanent stasis effect.
You can dig through walls and to a lower floor.
Your four strong arms can wield two-handed weapons with a shield.
You have a pair of large antennae on your head (SInv).
You are partially covered in large bone plates (AC +2, SH +2).
You are somewhat resistant to further mutation.
Your system is resistant to poisons.


Message History

The hill giant is almost dead.
You block the hill giant's attack.
An ogre comes into view. It is wielding a giant club.
The ogre shouts!
You sock the hill giant!
You kill the hill giant!
Items here: ( )) † a +0 dagger; a +0 blowgun; 4 poisoned needles; a kobold corpse You barely miss the ogre.
The ogre hits you with a giant club!
* * * LOW HITPOINT WARNING * * *
You sock the ogre!
The ogre is moderately wounded.
You sock the ogre!
The ogre is heavily wounded.
The ogre hits you with a giant club!
* * * LOW HITPOINT WARNING * * *
You thump the ogre!
The ogre is almost dead.
The ogre hits you with a giant club!
You die...

#......................#
#..........(...........#
#...............#####...
#...............# .
#.<..........((.#
#......)))......#
#......)(.?.....#
#......)).......#
#......@######..#
#......O# #..# #.......#
#?.# #.......# ..#
#######.# .# #.# #.# #.#


You could see an ogre.

Vanquished Creatures
  2 hill giants (D:10)
  Pikel (D:5)
  A centaur zombie (D:9)
  A troll (D:10)
  A two-headed ogre (D:8)
  A wraith (D:9)
  5 orc warriors
  2 black bears (D:7)
  3 sky beasts
  An ice beast (D:9)
  4 ogres
  A necrophage (D:5)
  3 centaurs
  5 big kobolds
  3 giant frogs
  A wyvern zombie (D:6)
  A wyvern skeleton (D:10)
  A scorpion (D:8)
  6 killer bees (D:7)
  4 howler monkeys
  4 crimson imps
  5 orc priests
  Crazy Yiuf (D:3)
  3 hounds
  3 jellies
  7 orc wizards
  A giant frog skeleton (D:9)
  3 iguanas
  5 worker ants
  A statue (D:9)
  2 hound zombies
  A hound skeleton (D:6)
  3 gnolls (D:9)
  11 adders
  A river rat (D:5)
  An ooze (D:3)
  2 adder skeletons
  A worm (D:5)
  2 dart slugs
  5 giant geckos
  34 orcs
  7 giant cockroaches
  15 goblins
  4 hobgoblins
  9 jackals
  32 kobolds
  4 quokkas
  2 ball pythons
  6 bats
  7 giant newts
  9 rats
238 creatures vanquished.

Vanquished Creatures (others)
  4 slaves (D:5)
  An orc wizard (D:9)
  A quokka (D:5)
6 creatures vanquished.

Grand Total: 244 creatures vanquished

Notes
Turn   | Place    | Note
--------------------------------------------------------------
     0 | D:1      | Jerry the Formicid Fighter began the quest for the Orb.
     0 | D:1      | Reached XP level 1. HP: 18/18 MP: 1/1
    41 | D:1      | Reached XP level 2. HP: 24/24 MP: 2/2
   493 | D:1      | Reached XP level 3. HP: 29/29 MP: 3/3
   788 | D:2      | You fall through a shaft for 2 floors!
   811 | D:4      | HP: 1/30 [poisoned by an adder]
  1457 | D:2      | Reached XP level 4. HP: 31/37 MP: 4/4
  1578 | D:2      | Found a shadowy altar of Dithmenos.
  2048 | D:3      | Reached XP level 5. HP: 43/43 MP: 5/5
  2148 | D:3      | Found a faded altar to an unknown god.
  2382 | D:3      | Reached XP level 6. HP: 50/50 MP: 6/6
  2615 | D:3      | Noticed Crazy Yiuf
  2621 | D:3      | Killed Crazy Yiuf
  2621 | D:3      | Reached skill level 5 in Fighting
  2621 | D:3      | Reached skill level 5 in Armour
  3258 | D:5      | Entered Level 5 of the Dungeon
  3273 | D:5      | Reached XP level 7. HP: 39/56 MP: 7/7
  3328 | D:5      | Got a smoking ring mail
  3339 | D:5      | Identified the cursed +1 ring mail "Difeaf" {rF+++ rN++ rCorr Dex-4} (You found it on level 5 of the Dungeon)
  3510 | D:5      | Found a glowing drain.
  3514 | Sewer    | Entered a sewer
  3625 | Sewer    | Found a white marble altar of Elyvilon.
  3670 | Sewer    | Gained mutation: You regenerate slowly when monsters are visible. [potion of mutation]
  3670 | Sewer    | Gained mutation: You are clumsy. (Dex -2) [potion of mutation]
  3671 | Sewer    | Gained mutation: Your system is resistant to poisons. [potion of mutation]
  3671 | Sewer    | Gained mutation: You are somewhat resistant to further mutation. [potion of mutation]
  3671 | Sewer    | Gained mutation: You are partially covered in large bone plates (AC +2, SH +2). [potion of mutation]
  4135 | D:5      | Noticed Pikel
  4143 | D:5      | Killed Pikel
  4143 | D:5      | Reached skill level 5 in Axes
  4143 | D:5      | Reached XP level 8. HP: 58/67 MP: 8/8
  4231 | D:5      | Found a staircase to the Ecumenical Temple.
  4241 | Temple   | Entered the Ecumenical Temple
  4285 | Temple   | Became a worshipper of Ashenzari the Shackled
  4482 | D:5      | Reached XP level 9. HP: 41/72 MP: 9/9
  4673 | D:6      | Found Doki's Food Shop.
  5138 | D:6      | Found a shadowy altar of Dithmenos.
  6022 | D:7      | Found an oddly glowing altar of Pakellas.
  6022 | D:7      | Found Pakellas's Prime Provisions.
  6308 | D:7      | Reached XP level 10. HP: 55/83 MP: 10/10
  6480 | D:7      | Found a sacrificial altar of Ru.
  6556 | D:7      | Identified the +7 spear "Noheph" {holy, Str+4}
  6604 | D:7      | Found a burning altar of Makhleb.
  6756 | D:7      | Found a glowing golden altar of the Shining One.
  6916 | D:7      | Reached * piety under Ashenzari
  8237 | D:9      | Found a shadowy altar of Dithmenos.
  8679 | D:9      | Gained mutation: You are weak. (Str -2) [potion of mutation]
  8679 | D:9      | Gained mutation: Armour fits poorly on your strangely shaped body. [potion of mutation]
  8680 | D:9      | Lost mutation: You are clumsy. (Dex -2) [potion of cure mutation]
  8680 | D:9      | Lost mutation: Armour fits poorly on your strangely shaped body. [potion of cure mutation]
  8680 | D:9      | Lost mutation: You regenerate slowly when monsters are visible. [potion of cure mutation]
  8680 | D:9      | Lost mutation: You are weak. (Str -2) [potion of cure mutation]
  8690 | D:9      | Found a shimmering altar of Xom.
  8719 | D:9      | Found a stormy altar of Qazlal.
  8745 | D:9      | Reached skill level 10 in Fighting
  8853 | D:9      | Reached skill level 10 in Armour
  8975 | D:9      | Found a radiant altar of Vehumet.
  9340 | D:10     | Entered Level 10 of the Dungeon
 10004 | D:10     | Noticed a hill giant
 10016 | D:10     | Killed a hill giant
 10016 | D:10     | Reached XP level 11. HP: 84/92 MP: 11/11
 10212 | D:10     | Noticed a hill giant
 10222 | D:10     | Killed a hill giant
 10228 | D:10     | Slain by an ogre

Skill      XL: |  1  2  3  4  5  6  7  8  9 10 |
---------------+-------------------------------+-----
Armour         | 4 5 6 7 8 10 | 10.6
Fighting       | 4 5 7 9 10 | 10.9
Axes           | 3 4 5 6 7 9 |  9.5
Shields        | |  3.6

Action                   |  1- 3 |  4- 6 |  7- 9 | 10-12 || total
-------------------------+-------+-------+-------+-------++-------
Melee: War axe           |   120 |   195 |       |       ||   315
       Mace              |       |    62 |   394 |   357 ||   813
Invok: Curse Item        |       |       |     1 |       ||     1
 Abil: Shaft Self        |     1 |       |       |       ||     1
Evoke: Wand              |       |       |       |     6 ||     6
  Use: Potion            |       |     1 |     6 |     6 ||    13
       Scroll            |       |       |    17 |       ||    17
  Eat: Chunk             |     2 |     5 |    12 |    11 ||    30
       Royal jelly       |       |       |       |     1 ||     1
Armor: Scale mail        |    12 |       |       |       ||    12
       Plate armour      |   144 |   228 |    17 |       ||   389
       Ring mail         |       |       |   298 |   312 ||   610
Dodge: Dodged            |    62 |   110 |   266 |   308 ||   746
Block: Other             |       |       |    29 |    36 ||    65
